AoeStats
← 念

Lombardia

508455498Analyzed
4v4 RM · 10d ago on Sep 22, 2026· 32m 52s· 8 players
Game mode
Random Map
Map size
Large (8 player)
Population
200
Speed
Normal
Resources
Standard
Victory
Conquest
Starting age
Dark Age
Ending age
Imperial Age
RankedLock teamsTeams togetherTeam positionsShared explorationLock speedFull tech treeHidden civsTurbo modeCheats
Victory
Defeat
🇮🇳 Gurjaras · India
1290
+14
🇻🇳 Huns · Vietnam
1259
+15
🇮🇳 Chinese · India
1228
+17
🇹🇼 Saracens · Taiwan
1221
+17
🇪🇪 Franks · Estonia
1266
-17
🇩🇪 Burmese · Germany
1250
-16
🇨🇳 Goths · China
1234
-15
🇵🇹 Tatars · Portugal
1232
-15
Zé Gui
10:46 Feudal Age
9:01 Loom
12:53 Horse Collar
13:39 Double-Bit Axe
18:38 Castle Age
16:33 Gold Mining
18:49 Fletching
19:57 Padded Archer Armor
20:14 Bow Saw
21:14 Gold Shaft Mining
21:19 Heavy Plow
23:53 Bodkin Arrow
24:49 Ballistics
26:55 Leather Archer Armor
Der Genosse
10:29 Loom
12:15 Feudal Age
16:26 Castle Age
14:51 Horse Collar
15:06 Gold Mining
17:25 Heavy Plow
18:03 Wheelbarrow
24:24 Scale Barding Armor
25:00 Forging
26:21 Bloodlines
26:13 Husbandry
27:16 Gold Shaft Mining
27:37 Hand Cart
28:11 Chain Barding Armor
28:53 Iron Casting
30:14 Light Cavalry
念
10:41 Feudal Age
14:15 Castle Age
12:31 Double-Bit Axe
15:25 Bow Saw
21:29 Wheelbarrow
21:35 Loom
23:31 Horse Collar
23:43 Gold Mining
24:26 Hand Cart
24:53 Stone Mining
28:08 Stone Shaft Mining
31:22 Imperial Age
28:38 Town Watch
28:41 Pikeman
29:21 Squires
30:16 Anarchy
30:18 Scale Mail Armor
30:29 Forging
31:55 Chain Mail Armor
32:33 Iron Casting
33:12 Conscription
Senex
7:57 Loom
10:21 Feudal Age
18:58 Castle Age
24:57 Wheelbarrow
25:56 Pikeman
27:54 Forging
john_weak
0:30 Loom
10:13 Feudal Age
11:21 Double-Bit Axe
15:36 Castle Age
13:56 Horse Collar
17:57 Bow Saw
18:34 Heavy Plow
25:34 Stone Mining
25:36 Gold Mining
25:37 Stone Mining
26:39 Wheelbarrow
30:34 Imperial Age
28:48 Fletching
28:59 Padded Archer Armor
30:32 Hand Cart
30:55 Stone Shaft Mining
30:33 Bodkin Arrow
30:55 Leather Archer Armor
30:54 Thumb Ring
31:43 Bracer
32:53 Ring Archer Armor
33:28 Conscription
RockAxe2
10:21 Feudal Age
9:14 Loom
14:52 Castle Age
13:12 Double-Bit Axe
13:48 Horse Collar
15:56 Bow Saw
23:24 Wheelbarrow
24:20 Town Watch
25:12 Bloodlines
26:37 Husbandry
28:11 Hand Cart
30:10 Town Patrol
34:31 Imperial Age
32:21 Heavy Plow
32:57 Scale Mail Armor
33:08 Forging
32:49 Arson
尼鐵
1:48 Loom
10:41 Feudal Age
11:41 Double-Bit Axe
16:55 Castle Age
16:19 Gold Mining
17:34 Stone Mining
25:31 Horse Collar
27:36 Bow Saw
29:55 Caravan
30:54 Wheelbarrow
32:34 Scale Barding Armor
32:40 Forging
ThanhLe
7:36 Loom
10:11 Feudal Age
16:41 Castle Age
15:56 Double-Bit Axe
15:51 Horse Collar
19:43 Fletching
21:41 Bodkin Arrow
22:22 Padded Archer Armor
25:09 Leather Archer Armor
27:43 Ballistics
28:09 Husbandry
28:57 Bloodlines
31:41 Wheelbarrow
31:27 Town Watch
34:17 Imperial Age
31:35 Town Watch
Connection lost

Rejoining the realm…

Still unreachable

The connection could not be restored.

Session expired

The server has moved on; the page needs a fresh start.